Map: Darkness Sanctuary LE

Players

lIIllllIIlll (INnoVation)

  • Race: Terran Terran
  • League: Master
  • Spawn Location: 7:00

soO - Winner!

  • Race: Zerg Zerg
  • League: Master
  • Spawn Location: 1:00

Event: HomeStory Cup XVII

VOD

Have the link to the VOD?

Description

Time

  • Played on: July 1, 2018, 6:19 p.m.
  • Length: 26:09

All games in this series

Show
View Real Time Build Order
Export as new Build Order

lIIllllIIlll Terran 

Build Orders: Gas First Reaper Expand, Liberator Opening, Reaper Expand, Bio Tank 

Get SALT Encoding   

  12  0:00  SCV  
  13  0:13  SCV  
  14  0:17  Supply Depot  
  14  0:25  SCV  
  14  0:28  Refinery  
  15  0:38  SCV  
  16  0:44  Barracks  
  16  0:50  SCV  
  17  1:02  SCV  
  18  1:15  SCV  
  19  1:30  Orbital Command  
  19  1:31  Reaper  
  20  1:42  Command Center  
  20  1:53  Factory  
  20  1:56  SCV  
  21  2:06  Barracks Reactor  
  21  2:08  SCV  
  21  2:13  Supply Depot  
  21  2:14  Refinery  
  22  2:20  SCV  
  23  2:34  SCV  
  24  2:42  Starport  
  24  2:45  Hellion x2  
  24  2:47  SCV  
  29  2:52  Marine  
  29  2:55  Orbital Command  
  30  2:59  SCV  
  31  3:08  Hellion  
  31  3:09  Hellion  
  35  3:14  SCV  
  35  3:18  Medivac  
  38  3:20  Barracks Tech Lab  
  38  3:23  SCV  
  38  3:26  SCV  
  40  3:30  Supply Depot  
  40  3:35  Liberator  
  40  3:36  SCV  
  40  3:38  Stimpack, SCV  
  42  3:50  SCV x2  
  47  4:04  SCV x2, Command Center  
  49  4:10  Factory Reactor  
  49  4:12  Supply Depot  
  49  4:16  SCV x2  
  51  4:22  Barracks  
  51  4:25  Barracks  
  51  4:28  SCV  
  51  4:29  SCV  
  53  4:34  Supply Depot  
  53  4:36  Starport Reactor  
  53  4:40  SCV  
  53  4:41  SCV  
  55  4:54  SCV x2  
  55  4:56  Marine  
  54  5:03  Engineering Bay x2  
  54  5:05  Refinery  
  54  5:06  Refinery, SCV x2  
  52  5:12  Marine x2  
  52  5:14  Marine, Factory Tech Lab  
  54  5:15  Marine  
  54  5:16  Marine  
  54  5:17  Orbital Command  
  54  5:18  Barracks  
  54  5:19  Barracks  
  57  5:24  SCV x2  
  56  5:28  Terran Infantry Weapons Level 1  
  56  5:29  Terran Infantry Armor Level 1  
  56  5:32  Marine x2  
  56  5:34  Marine  
  56  5:35  Marine, Medivac  
  62  5:36  Marine  
  62  5:38  SCV x2  
  65  5:46  Siege Tank  
  65  5:49  Orbital Command  
  68  5:50  SCV x2  
  68  5:52  Marine  
  68  5:53  Marine x3  
  68  5:54  Marine  
  68  5:55  Orbital Command  
  68  5:56  Supply Depot  
  75  6:02  SCV x2  
  77  6:06  Combat Shield, Barracks Reactor x2  
  77  6:10  Supply Depot, Marine x2  
  77  6:11  Marine  
  79  6:15  SCV x2  
  81  6:21  SCV  
  81  6:22  Siege Tank  
  85  6:28  Supply Depot  
  85  6:29  SCV x2  
  85  6:32  Marine x2  
  87  6:33  Armory, SCV, Marine x3  
  93  6:41  SCV x2  
  93  6:42  Supply Depot  
  93  6:45  SCV  
  96  6:53  SCV x2  
  92  6:54  Siege Tank  
  92  6:56  Refinery x2  
  92  6:57  SCV, Factory  
  92  6:59  Marine x6  
  102  7:01  Medivac  
  102  7:02  Medivac  
  102  7:06  Supply Depot  
  106  7:09  SCV x3  
  106  7:14  Supply Depot  
  109  7:16  Supply Depot  
  109  7:22  Terran Infantry Weapons Level 2  
  109  7:23  Terran Infantry Armor Level 2  
  109  7:24  Marine x2  
  109  7:25  SCV  
  109  7:26  SCV x2  
  114  7:34  Barracks x2  
  114  7:35  Terran Vehicle And Ship Armor Level 1, Barracks  
  114  7:43  Factory Tech Lab  
  117  7:48  Command Center  
  117  7:51  Siege Tank  
  117  7:55  Marauder, Marine x5  
  124  8:02  Medivac x2  
  124  8:04  Supply Depot  
  124  8:05  Supply Depot  
  128  8:08  Siege Tank  
  131  8:21  Marauder, Marine  
  131  8:22  Barracks Tech Lab  
  131  8:23  Thor  
  131  8:24  Barracks Tech Lab, Marine, Barracks Reactor  
  131  8:25  Marine  
  134  8:30  Missile Turret  
  134  8:31  Missile Turret  
  127  8:34  Supply Depot  
  127  8:40  Thor  
  132  8:50  Marine x7  
  132  8:51  Marine x3  
  142  8:56  Medivac x2  
  142  8:58  Missile Turret  
  142  8:59  Supply Depot  
  146  9:09  Siege Tank  
  149  9:10  Marine  
  149  9:11  SCV x3, Marine x2  
  155  9:23  Siege Tank  
  158  9:29  Planetary Fortress  
  157  9:33  Refinery, Missile Turret, SCV x2  
  157  9:34  SCV  
  157  9:36  Terran Vehicle And Ship Armor Level 2  
  157  9:37  Refinery  
  160  9:43  Sensor Tower  
  160  9:44  Terran Infantry Weapons Level 3  
  160  9:52  Missile Turret  
  160  9:54  Marine x9  
  160  9:58  Terran Infantry Armor Level 3  
  169  10:08  Missile Turret  
  169  10:10  Siege Tank x2, Marine x4  
  169  10:12  Marine x2  
  181  10:20  Medivac x2  
  185  10:27  Command Center  
  185  10:28  Command Center  
  185  10:32  Ghost Academy  
  185  10:41  Supply Depot x2  
  185  10:49  Missile Turret  
  184  10:59  Missile Turret  
  182  11:06  Personal Cloaking, Ghost x3  
  188  11:13  Barracks  
  188  11:15  Barracks  
  188  11:16  Starport x2  
  188  11:17  Fusion Core  
  188  11:20  Barracks Tech Lab  
  188  11:21  Command Center  
  188  11:24  Command Center  
  178  11:41  Ghost x3  
  178  11:42  Ghost  
  182  12:01  Starport Tech Lab  
  177  12:06  Barracks Tech Lab  
  177  12:07  Barracks Tech Lab  
  170  12:08  Terran Vehicle And Ship Armor Level 3  
  170  12:10  Orbital Command, Ghost x4  
  170  12:11  Orbital Command  
  170  12:12  Liberator x2  
  170  12:13  Liberator  
  178  12:20  Missile Turret  
  178  12:21  Sensor Tower  
  178  12:25  Missile Turret  
  181  12:31  Liberator x2  
  181  12:33  Marine  
  181  12:35  Advanced Ballistics  
  107  12:37  Orbital Command x2  
  188  12:48  Command Center  
  190  12:54  Ghost  
  192  13:03  Liberator  
  192  13:12  Medivac  
  194  13:20  Medivac  
  199  13:29  Liberator x2  
  199  13:30  Liberator  
  189  13:45  Marauder x4  
  190  14:04  Missile Turret  
  190  14:05  Missile Turret x2, Hi-Sec Auto Tracking, Structure Armor  
  190  14:06  Liberator x2  
  189  14:10  Command Center x2  
  188  14:20  Marine x10  
  188  14:23  Ghost x2  
  199  14:26  Missile Turret  
  198  14:40  Missile Turret x2  
  198  15:02  Missile Turret x2, Unknown x3  
  198  15:04  Missile Turret  
  186  15:36  Sensor Tower  
  186  15:37  Missile Turret  
  186  15:39  Missile Turret  
  186  15:42  Missile Turret x2  
  186  15:47  Liberator x4  
  185  15:50  Unknown  
  168  16:02  Sensor Tower  
  168  16:03  Ghost x5  
  174  16:05  Liberator  
  142  16:19  Ghost  
  142  16:21  Marine x6  
  150  16:30  Liberator  
  150  16:31  Ghost  
  150  16:32  Planetary Fortress, Ghost x3  
  156  16:39  Marauder, Marine  
  161  16:41  Marine x3  
  164  16:48  Unknown, Missile Turret  
  164  16:49  Marauder  
  169  16:57  Planetary Fortress  
  169  16:59  Unknown  
  169  17:00  Marauder, Ghost x3  
  177  17:02  Marine x4  
  177  17:03  Marine x5  
  186  17:09  Marine  
  186  17:13  Unknown x2  
  186  17:14  Unknown  
  187  17:20  Marine x2  
  187  17:21  Marauder  
  187  17:22  Marauder  
  153  17:27  Marine x6  
  153  17:28  Marauder  
  153  17:29  Marauder  
  140  17:30  Marauder x2  
  140  17:32  Liberator  
  140  17:33  Liberator  
  131  17:38  Refinery, Marine x2  
  131  17:39  Refinery  
  131  17:41  SCV x7  
  131  17:42  Ghost x2  
  137  17:44  Marine  
  137  17:49  Marauder  
  137  17:51  Marauder x2  
  150  17:52  Marauder, Marine  
  150  17:53  SCV x2  
  150  17:57  Command Center  
  155  18:01  SCV  
  155  18:02  SCV x3  
  155  18:04  Missile Turret  
  159  18:09  Medivac  
  159  18:11  Marauder x3, Medivac  
  159  18:12  Marauder x2, Missile Turret  
  173  18:14  Marauder  
  175  18:21  Sensor Tower  
  175  18:27  Medivac  
  175  18:32  Medivac  
  179  18:35  Missile Turret, Medivac  
  179  18:37  Marauder  
  179  18:38  Marauder x2  
  179  18:39  Marine x8, Medivac  
  179  18:40  Marine x3  
  164  19:11  Ghost x5  
  164  19:13  Marine x3  
  164  19:14  Marine x6  
  172  19:23  Planetary Fortress  
  172  19:31  Marine x3, Ghost  
  170  19:33  Marine x5  
  180  19:40  Marine x3  
  180  19:41  Ghost  
  180  19:42  Unknown x3  
  180  19:43  Unknown x3  
  180  19:44  Ghost  
  187  19:48  SCV x7  
  187  19:50  Unknown x2  
  194  20:00  SCV x5  
  199  20:21  Terran Ship Weapons Level 1  
  199  20:22  Nuke  
  199  20:27  Command Center  
  198  20:29  Ghost  
  181  20:44  Liberator x3  
  164  20:51  Marauder x3, Marine x3  
  164  20:52  Marauder, Marine x4  
  171  21:01  Medivac x2  
  181  21:14  Liberator  
  181  21:15  Liberator  
  181  21:16  Marauder x4  
  181  21:17  Marauder x2  
  193  21:27  Unknown x2  
  193  21:29  Unknown x2  
  193  21:31  Missile Turret  
  196  21:33  Missile Turret  
  196  21:36  Missile Turret  
  199  21:52  Refinery x2  
  199  21:53  Unknown x3  
  187  22:04  Sensor Tower, Planetary Fortress  
  187  22:06  Missile Turret  
  187  22:12  Missile Turret  
  189  22:18  Viking x2  
  189  22:26  Viking  
  189  22:27  Viking  
  174  22:43  Marine, Viking  
  174  22:44  Marine x13  
  170  22:48  Viking x2  
  166  22:59  Viking x2  
  166  23:01  Marine  
  166  23:02  Marine x2  
  168  23:12  Marine  
  161  23:13  Marine x6, Viking  
  161  23:14  Marine  
  161  23:18  Viking x2  
  175  23:29  Viking x2  
  174  23:43  Viking  
  174  23:45  Marine x10  
  174  23:48  Viking  
  184  23:55  Viking  
  184  23:57  Marauder  
  184  23:58  Marauder  
  184  24:02  Marauder  
  190  24:08  Unknown  
  190  24:09  Unknown  
  187  24:11  Liberator  
  189  24:18  Unknown  
  189  24:19  Unknown  
  189  24:22  Liberator  
  189  24:23  Refinery  
  190  24:40  Unknown x2  
  190  24:45  Refinery  
  128  25:04  Marauder  
  128  25:05  Marauder x4, Marine x8  
  128  25:06  Marine  
  125  25:14  Planetary Fortress  
  119  25:23  Marine x2  
  119  25:24  Viking  
  119  25:25  Marine x5  
  126  25:30  Marine  
  126  25:31  Marine x3  
  117  25:36  Viking  
Show
View Real Time Build Order
Export as new Build Order

soO Zerg - Winner!

Build Orders: Hatch First, Muta Ling Bane 

Get SALT Encoding   

  12  0:00  Drone  
  13  0:12  Overlord  
  13  0:16  Drone  
  14  0:30  Drone x2  
  14  0:33  Drone  
  17  0:50  Hatchery  
  17  0:53  Drone  
  17  1:08  Spawning Pool  
  17  1:10  Drone  
  17  1:13  Drone  
  17  1:17  Drone  
  19  1:27  Drone  
  20  1:38  Overlord  
  20  1:54  Queen  
  20  1:57  Zergling x2  
  20  2:01  Zergling x2  
  24  2:02  Drone, Queen  
  27  2:10  Drone  
  27  2:14  Drone  
  29  2:19  Hatchery  
  29  2:22  Drone  
  29  2:25  Drone  
  30  2:30  Queen  
  30  2:34  Overlord  
  30  2:37  Drone  
  33  2:45  Drone x2  
  35  2:53  Overlord  
  35  2:56  Drone  
  36  3:02  Drone  
  36  3:03  Drone  
  36  3:05  Drone x2  
  40  3:06  Extractor  
  40  3:07  Extractor  
  40  3:09  Queen  
  40  3:12  Drone  
  40  3:13  Drone  
  40  3:15  Queen  
  40  3:18  Drone  
  44  3:23  Drone x2  
  44  3:24  Drone  
  44  3:26  Overlord  
  47  3:32  Zergling x2  
  47  3:34  Queen  
  48  3:37  Zergling x2  
  48  3:38  Zergling x2  
  52  3:43  Drone  
  52  3:44  Overlord  
  52  3:46  Drone  
  54  3:51  Zergling x2  
  54  3:53  Zergling x2  
  54  3:54  Metabolic Boost  
  56  3:56  Drone x2  
  56  3:58  Drone x2  
  60  4:06  Drone x2  
  60  4:07  Drone  
  60  4:09  Drone  
  64  4:18  Evolution Chamber x2  
  64  4:19  Lair  
  64  4:21  Drone x3  
  64  4:22  Drone  
  66  4:26  Drone x2  
  66  4:27  Drone  
  66  4:30  Spore Crawler  
  68  4:32  Spore Crawler  
  68  4:35  Spore Crawler  
  68  4:37  Drone  
  68  4:38  Drone x2  
  68  4:44  Drone  
  68  4:45  Drone  
  64  4:48  Drone x2  
  64  4:50  Drone x2  
  66  4:55  Drone x2  
  66  4:58  Drone  
  66  4:59  Drone  
  68  5:02  Drone  
  68  5:04  Drone  
  70  5:08  Drone  
  70  5:12  Extractor  
  70  5:17  Drone  
  72  5:21  Drone  
  72  5:22  Drone x2  
  72  5:25  Zerg Ground Armor Level 1, Zerg Melee Weapons Level 1  
  74  5:29  Baneling Nest  
  74  5:30  Drone  
  74  5:32  Overlord  
  74  5:33  Extractor  
  73  5:35  Overlord  
  73  5:36  Extractor x2  
  73  5:42  Overlord  
  71  5:45  Drone x3  
  71  5:47  Hatchery  
  73  5:51  Overlord  
  73  5:52  Drone x2  
  73  5:53  Drone  
  73  5:55  Drone x4  
  73  5:56  Drone  
  81  6:03  Drone  
  82  6:04  Spire  
  82  6:07  Zergling x6  
  82  6:09  Zergling x4  
  86  6:12  Zergling x4  
  86  6:16  Centrifical Hooks  
  87  6:20  Zergling x2  
  87  6:21  Zergling x6  
  87  6:24  Drone x3  
  94  6:26  Baneling x4  
  94  6:27  Baneling  
  94  6:29  Zergling x4  
  94  6:30  Zergling x2  
  97  6:33  Drone x3  
  100  6:44  Zergling x6  
  103  6:50  Hatchery  
  103  6:51  Zergling x6  
  103  6:52  Zergling x4  
  103  7:03  Overlord  
  103  7:05  Overlord  
  103  7:09  Overlord  
  103  7:17  Mutalisk  
  103  7:18  Mutalisk x3  
  103  7:19  Overlord  
  103  7:22  Mutalisk x4  
  118  7:30  Zerg Ground Armor Level 2, Zerg Melee Weapons Level 2  
  118  7:32  Zergling x20  
  128  7:39  Zerg Flyer Weapons Level 1  
  127  7:46  Drone  
  127  7:47  Drone x8  
  136  7:52  Mutalisk  
  136  7:53  Mutalisk  
  136  7:55  Baneling x7, Overlord  
  136  7:57  Overlord  
  140  8:02  Zergling x6  
  140  8:03  Zergling x4  
  140  8:04  Infestation Pit  
  144  8:08  Overlord  
  144  8:09  Drone x2  
  146  8:15  Zergling x2  
  146  8:16  Zergling x14  
  154  8:26  Zergling x16  
  159  8:37  Zergling x8  
  159  8:38  Zergling x2  
  159  8:40  Overlord  
  159  8:41  Hive  
  164  8:44  Mutalisk  
  164  8:46  Overlord, Extractor  
  165  8:50  Overlord  
  165  8:51  Zergling x8  
  165  8:54  Zergling x4  
  165  8:55  Zergling x6  
  174  8:57  Burrow  
  174  9:09  Overlord x2  
  174  9:11  Baneling  
  174  9:12  Baneling x7  
  174  9:24  Zergling x22  
  174  9:25  Zergling x2  
  186  9:40  Zergling x2  
  186  9:41  Zergling x20  
  186  9:45  Pneumatized Carapace  
  197  9:47  Baneling x12  
  197  9:53  Zerg Ground Armor Level 3, Adrenal Glands, Zerg Melee Weapons Level 3, Ultralisk Cavern  
  197  9:55  Baneling  
  195  10:04  Hatchery  
  194  10:19  Drone x3  
  194  10:20  Extractor  
  196  10:26  Drone  
  196  10:28  Drone x2  
  199  10:39  Hatchery  
  198  11:09  Drone x2  
  198  11:11  Spine Crawler  
  199  11:13  Spore Crawler  
  199  11:14  Chitinous Plating  
  199  11:16  Zerg Flyer Weapons Level 2  
  191  11:44  Spine Crawler  
  191  11:45  Spine Crawler  
  191  11:46  Spine Crawler  
  187  11:49  Spine Crawler, Drone x2  
  187  11:50  Drone  
  186  11:58  Ultralisk x2  
  193  12:04  Drone  
  193  12:05  Spine Crawler  
  193  12:07  Spore Crawler, Drone  
  193  12:08  Drone x5  
  195  12:09  Drone  
  198  12:24  Drone  
  198  12:26  Spore Crawler  
  198  12:38  Baneling  
  198  12:39  Baneling x5  
  198  12:48  Ultralisk  
  193  13:06  Zergling x2, Ultralisk  
  193  13:12  Spore Crawler  
  199  13:16  Drone  
  199  13:18  Overseer x3  
  199  13:19  Overseer x2  
  200  13:23  Spire  
  198  13:35  Corruptor  
  198  13:38  Corruptor  
  200  13:47  Zerg Flyer Weapons Level 3  
  200  13:52  Extractor x2  
  200  13:54  Extractor, Drone x2  
  199  14:13  Drone  
  200  14:18  Drone  
  200  14:21  Spine Crawler  
  200  14:23  Spine Crawler  
  196  14:30  Corruptor  
  198  14:32  Baneling  
  198  14:33  Baneling x9  
  198  14:39  Drone  
  197  15:03  Corruptor x3  
  200  15:16  Corruptor x3  
  182  15:29  Corruptor x4  
  182  15:32  Zergling x2, Ultralisk  
  182  15:33  Zergling x8  
  190  16:10  Zergling x2, Ultralisk x2  
  190  16:11  Zergling x34  
  197  16:13  Zergling x2  
  197  16:14  Zergling x4  
  180  16:23  Zergling x22, Ultralisk x2  
  200  16:27  Overlord  
  200  16:28  Greater Spire, Zerg Flyer Armor Level 1  
  200  16:30  Overseer x4  
  200  16:31  Overseer  
  200  16:44  Baneling  
  200  16:45  Baneling x22  
  133  17:46  Zergling x2, Ultralisk x4  
  133  17:47  Zergling x48  
  170  17:58  Brood Lord x8  
  186  17:59  Overlord x2  
  186  18:00  Overlord  
  186  18:01  Hatchery  
  185  18:09  Overlord  
  185  18:15  Baneling  
  185  18:16  Baneling x18  
  185  18:19  Brood Lord  
  187  18:20  Brood Lord x3  
  186  18:36  Infestor x3  
  192  18:48  Corruptor x3  
  169  19:18  Zergling x2, Ultralisk x3  
  169  19:19  Zergling x24  
  200  19:41  Baneling x13  
  200  19:50  Spine Crawler  
  200  19:52  Spine Crawler  
  198  19:53  Spine Crawler  
  197  20:00  Baneling x4  
  197  20:05  Spore Crawler, Zergling x6  
  199  20:19  Corruptor x2  
  199  20:29  Drone  
  199  20:30  Hatchery  
  199  20:31  Extractor  
  199  20:32  Extractor  
  199  20:35  Spore Crawler  
  195  20:36  Spore Crawler  
  195  20:39  Corruptor x5  
  165  21:01  Corruptor x7  
  169  21:10  Infestor x3  
  175  21:14  Brood Lord  
  175  21:15  Brood Lord x3  
  175  21:16  Drone  
  175  21:17  Extractor  
  183  21:20  Overseer x3  
  183  21:27  Brood Lord  
  183  21:28  Brood Lord  
  187  21:34  Overseer x3  
  187  21:36  Brood Lord x2  
  187  21:37  Brood Lord x2  
  195  21:40  Corruptor x2  
  195  21:59  Corruptor x2  
  199  22:04  Drone  
  198  22:47  Corruptor  
  199  22:51  Zerg Flyer Armor Level 2  
  199  23:23  Baneling x6  
  199  23:31  Hatchery  
  189  23:36  Zergling x24  
  193  23:54  Zergling x26  
  198  24:11  Baneling x3  
  198  24:12  Baneling x5  
  198  24:16  Infestor  
  198  24:18  Infestor  
  198  24:19  Overlord x2  
  198  24:20  Overlord  
  198  24:23  Infestor  
  198  24:25  Baneling x6  
  190  24:39  Drone x2  
  190  24:44  Baneling x7  
  190  24:45  Zergling x14  
  152  25:07  Zergling x12, Ultralisk x3  
  152  25:08  Zergling x20  
  152  25:10  Infestor x2  
  152  25:12  Baneling x4  
  173  25:16  Overlord  
  169  25:22  Baneling x3  
  169  25:25  Corruptor x4  
  164  25:39  Corruptor x6  
  164  25:40  Corruptor x2  
  164  25:41  Overlord  
  155  26:04  Hatchery  
Tags
 
Add a new tag
Caveats
  • Supply blocks, unpowered buildings, or Contaminate may cause inaccurate times.
  • Supply counts are checked every 10 seconds.